 Dungeon Crawl Stone Soup version 0.22-a0-533-g4d20840 (webtiles) character file.

108 Hebeh the Shield-Bearer (level 4, -1/42 HPs)
             Began as a Deep Dwarf Fighter on June 22, 2018.
             Slain by a gnoll
             ... wielding a +0 halberd
              (9 damage)
             ... on level 3 of the Dungeon.
             The game lasted 00:04:57 (1140 turns).

Hebeh the Shield-Bearer (Deep Dwarf Fighter)        Turns: 1140, Time: 00:04:58

Health: -1/42      AC:  8    Str: 21    XL:     4   Next: 58%
Magic:  4/4        EV:  7    Int:  8    God:
Gold:   73         SH: 10    Dex: 12    Spells: 3/3 levels left

rFire    + . .     SeeInvis .   a - +0 war axe
rCold    x . .     Gourm    .   c - +1 shield
rNeg     . . .     Faith    .   b - +0 scale mail
rPois    .         Spirit   .   (no helmet)
rElec    .         Reflect  .   (no cloak)
rCorr    .         Harm     .   l - +0 pair of gloves (curse)
MR       .....                  (no boots)
Stlth    ..........             (no amulet)
HPRegen  0.00/turn              k - ring of fire
MPRegen  0.09/turn              (no ring)

@: non-regenerating
A: damage resistance, heal wounds, sense surroundings 1, no regeneration
a: Heal Wounds


You were on level 3 of the Dungeon.
You were not hungry.

You visited 1 branch of the dungeon, and saw 3 of its levels.

You collected 73 gold pieces.

Inventory:

Hand Weapons
 a - a +0 war axe (weapon)
Armour
 b - a +0 scale mail (worn)
 c - a +1 shield (worn)
 l - a cursed +0 pair of gloves (worn)
Jewellery
 k - a ring of fire (left hand)
 m - an uncursed ring of poison resistance {unknown}
Scrolls
 h - 2 scrolls of enchant armour
 j - a scroll of remove curse {unknown}
Potions
 d - a potion of might
 e - a potion of magic
 g - a potion of mutation {unknown}
Comestibles
 f - 3 rations
 i - 4 chunks of flesh


   Skills:
 + Level 3.2 Fighting
 * Level 3.6 Axes
 + Level 4.0 Armour
 + Level 4.0 Shields


You had 3 spell levels left.
You didn't know any spells.
Your spell library was empty.

Dungeon Overview and Level Annotations

Branches:
Dungeon (3/15)

Altars:


Innate Abilities, Weirdness & Mutations

You are resistant to damage.
You can heal yourself by infusing magical energy.
You passively map a small area around you.
You do not regenerate.


Message History

You block the gnoll's attack.
Items here: )) †† a whip; a club; a gnoll corpse x2
Your shield and scale mail prevent you from hitting the gnoll.
The gnoll hits you with a halberd.
* * * LOW HITPOINT WARNING * * *
You hit the gnoll.
The gnoll is moderately wounded.
You block the gnoll's attack.
You slash the gnoll!
The gnoll is almost dead.
The gnoll hits you but does no damage.
Your shield and scale mail prevent you from hitting the gnoll.
The gnoll is almost dead.
The gnoll hits you with a halberd.
* * * LOW HITPOINT WARNING * * *
You barely miss the gnoll.
The gnoll is almost dead.
The gnoll hits you with a halberd!
You die...

* , * *, , , * * * *
** *** , *
############ * *
......g@..%# ,
.#########.#######* *
..............., , *
..<...#(#############
* *#####.#.#
#.###..... , , , .
#.####......>.. * #.
#...##.##...... *, *
#* #...(#.##...... ,
###....#.###.....


You could see a gnoll.

Vanquished Creatures
  2 gnolls (D:3)
  2 adders (D:2)
  2 oozes (D:1)
  A worm (D:2)
  2 dart slugs (D:2)
  2 leopard geckos
  2 orcs (D:2)
  7 bats
  2 giant cockroaches (D:1)
  6 goblins
  7 hobgoblins
  4 kobolds (D:1)
  A quokka (D:2)
  A ball python (D:2)
  6 frilled lizards
  4 rats
51 creatures vanquished.

Notes
Turn   | Place    | Note
-------+----------+-------------------------------------------
     0 | D:1      | Hebeh the Deep Dwarf Fighter began the quest for the Orb.
     0 | D:1      | Reached XP level 1. HP: 20/20 MP: 1/1
    70 | D:1      | Reached XP level 2. HP: 22/27 MP: 2/2
   143 | D:1      | Reached XP level 3. HP: 23/34 MP: 3/3
   662 | D:2      | Reached XP level 4. HP: 22/42 MP: 4/4
  1140 | D:3      | Slain by a gnoll

Vault maps used:
D:1:      lightli_arrival_statue_moat, solitary_fountain, minmay_tetromino_l4
D:3:      minitemple, first_ration, kennysheep_slug_shrine,
          uniq_crazy_yiuf_cottage, uniq_ijyb

Skill      XL: |  1  2  3  4 |
---------------+-------------+-----
Fighting       | 3 |  3.2
Axes           | 3 |  3.6
Shields        | 4 |  4.0
Armour         | 4 |  4.0

Action                   |  1- 3 |  4- 6 || total
-------------------------+-------+-------++-------
Melee: War axe           |    84 |    66 ||   150
  Use: Scroll            |     3 |       ||     3
  Eat: Chunk             |       |     1 ||     1
Armor: Scale mail        |    39 |    26 ||    65
Dodge: Dodged            |    39 |    21 ||    60
Block: Shield            |    65 |    40 ||   105

Table legend:
 A = Spawn XP
 B = Non-spawn XP
 C = Spawn XP percentage of total XP
 D = Spawn monster count
 E = Non-spawn monster count
 F = Spawn count percentage of total count
 G = Total turns spent on level
                    A         B        C        D         E        F      G
               +---------+---------+-------+---------+---------+-------+---------
         Total |       0 |     155 |   0.0 |       0 |      51 |   0.0 |  1140
               +---------+---------+-------+---------+---------+-------+---------
           D:1 |       0 |      62 |   0.0 |       0 |      30 |   0.0 |   496
           D:2 |       0 |      60 |   0.0 |       0 |      17 |   0.0 |   523
           D:3 |       0 |      33 |   0.0 |       0 |       4 |   0.0 |   121
               +---------+---------+-------+---------+---------+-------+---------
